 Dungeon Crawl Stone Soup version 0.29-a0-1016-g236c7fd91e (webtiles) character file.

Game seed: 6090622460793255027

0 Manisian the Trooper (level 1, -4/22 HPs)
             Began as a Troll Abyssal Knight on Aug 9, 2022.
             Was a Believer of Lugonu.
             Killed from afar by a starcursed mass (7 damage)
             ... with an accursed screaming
             ... on level 2 of the Abyss.
             The game lasted 00:01:05 (174 turns).

Manisian the Trooper (Troll Abyssal Knight)          Turns: 174, Time: 00:01:05

Health: -4/22      AC:  4    Str: 20    XL:     1   Next: 0%
Magic:  1/1        EV: 10    Int:  6    God:    Lugonu [**....]
Gold:   0          SH:  0    Dex: 10    Spells: 0/0 levels left

rFire   . . .      SeeInvis .     - Unarmed
rCold   . . .      Faith    .   (no shield)
rNeg    . . .      Spirit   .   a - +0 robe
rPois   .          Reflect  .   (helmet restricted)
rElec   .          Harm     .   (no cloak)
rCorr   .          Rampage  .   (gloves unavailable)
Will    .....                   (boots unavailable)
Stlth   +.........              (no amulet)
HPRegen 0.87/turn               (no ring)
MPRegen 0.07/turn               (no ring)

@: no status effects
A: large, unfitting armour, claws 3, regeneration 1, shaggy fur 1, tough skin 1
a: Renounce Religion, Depart the Abyss, Bend Space


You were on level 2 of the Abyss.
You worshipped Lugonu.
Lugonu was pleased with you.
You visited 0 branches of the dungeon, and saw 0 of its levels.
You visited the Abyss 1 time.

Inventory:

Armour
 a - a +0 robe (worn)


   Skills:
 + Level 2.4 Fighting
 + Level 1.9 Dodging
 + Level 2.0 Unarmed Combat
 + Level 1.5 Invocations


You couldn't memorise any spells.
You didn't know any spells.
Your spell library was empty.

Dungeon Overview and Level Annotations

Branches:
Dungeon (0/15)

Altars:


Innate Abilities, Weirdness & Mutations

You are too large for most types of armour.
You have claws for hands.
Your natural rate of healing is unusually fast.
You are covered in fur. (AC +1)
You have tough skin. (AC +1)


Message History

The starspawn tentacle loses its grip on you.
The tentacle pulls you backwards!
A tentacle flies out from the starspawn's body!
A starspawn tentacle comes into view.
The starspawn tentacle grabs you. The starspawn tentacle constricts you.
You scratch the starspawn tentacle but do no damage.
The starspawn tentacle is moderately damaged.
Something loses its grip on you.
A tentacle flies out from the starspawn's body!
A starspawn tentacle comes into view.
Found a gateway leading deeper into the Abyss.
There is a gateway leading deeper into the Abyss here.
You plunge deeper into the Abyss.
Press: ? - help, v - describe, . - travel A translucent stone wall.
Press: ? - help, v - describe, . - travel
Here: an ancient zyme (translocational energy, wandering, hasn't noticed you)
The floor.
An ancient zyme is nearby!
Unknown command.
You feel yourself growing ill in the presence of the ancient zyme.
You scratch the ancient zyme.
The ancient zyme is lightly damaged.
A starcursed mass comes into view.
The ancient zyme closely misses you. The ancient zyme hits you!
Ouch! That really hurt!
You scratch the ancient zyme.
The ancient zyme is lightly damaged.
You scratch the ancient zyme.
The ancient zyme is lightly damaged.
The ancient zyme closely misses you. The ancient zyme hits you!
* * * LOW HITPOINT WARNING * * *
A starcursed mass splits.
Unknown command.
The ancient zyme attacks as you move away!
The ancient zyme completely misses you.
The ancient zyme hits you but does no damage.
A starcursed mass splits.
The starcursed mass shrieks in your mind.
You die...

.. ## #. .# X
... .. . #.#
.#.### #..##
.#... ...##...#
. ##.#..#.##.#
....#.#.........
#...@x.#.##.#
#...###.#...# ..
#.#..## ....#..
#.#.#.#.. .. ##.
... ##. #. #. ##


You could see a starcursed mass and an ancient zyme.

Vanquished Creatures (others)
  8 starspawn tentacles (Abyss:1)
8 creatures vanquished.

Notes
Turn   | Place    | Note
-------+----------+-------------------------------------------
     0 | Abyss:1  | Manisian the Troll Abyssal Knight began the quest for the
                  | Orb.
     0 | Abyss:1  | Reached XP level 1. HP: 22/22 MP: 1/1
    77 | Abyss:1  | Noticed a tentacled starspawn
   169 | Abyss:2  | Noticed an ancient zyme
   171 | Abyss:2  | Noticed a starcursed mass
   174 | Abyss:2  | Killed from afar by a starcursed mass

Illustrated notes

Levels and vault maps discovered:
Abyss:2:  base: Temple, hangedman_decor_peaks_small

Action                   || total
-------------------------++-------
Melee: Unarmed           ||    11
Armor: Robe              ||     1
Dodge: Dodged            ||     7

Table legend: (Time is in decaauts)
 A = Elapsed time spent in this place.
 B = Non-inter-level travel time spent in this place.
 C = Inter-level travel time spent in this place.
 D = Time resting spent in this place.
 E = Time spent auto-exploring this place.
 F = Levels seen in this place.
 G = Mean time per level.
                   A        B        C        D        E       F      G
               +--------+--------+--------+--------+--------+-----+--------+
         Total |    173 |    173 |      0 |      0 |     53 |   2 |   86.5 |
         Abyss |    173 |    173 |      0 |      0 |     53 |   2 |   86.5 |
               +--------+--------+--------+--------+--------+-----+--------+

Top non-repeatable levels by time:
 Abyss:1: 136 daAuts
 Abyss:2: 36 daAuts
